 Dungeon Crawl Stone Soup version 0.20-a0-870-g4070442 (console) character file.

123 hittembot the Skirmisher (level 4, -2/35 HPs)
             Began as a Mummy Fighter on Mar 13, 2017.
             Slain by Grinder (3 damage)
             ... on level 4 of the Dungeon.
             The game lasted 00:01:35 (3505 turns).

hittembot the Skirmisher (Mummy Fighter)            Turns: 3505, Time: 00:01:35

Health: -2/35      AC:  6    Str: 20    XL:     4   Next: 80%
Magic:  4/4        EV:  7    Int:  7    God:
Gold:   212        SH:  9    Dex: 11    Spells: 3/3 levels left

rFire    x . .     SeeInvis .   a - +0 war axe
rCold    + . .     Gourm    .   b - +0 scale mail
rNeg     + + +     Faith    .   c - +0 shield
rPois    ∞         Spirit   .   (no helmet)
rElec    .         Reflect  .   (no cloak)
rCorr    .         Harm     .   (no gloves)
MR       .....                  (no boots)
Stlth    ..........             (no amulet)
Regen    0.2/turn               (no ring)
MPRegen  0.1/turn               (no ring)

@: no status effects
A: no food or potions, fire vulnerability, cold resistance 1, negative energy
resistance 3, torment resistance, unbreathing
a: no special abilities


You were on level 4 of the Dungeon.
You were not hungry.

You visited 1 branch of the dungeon, and saw 4 of its levels.

You collected 212 gold pieces.

Inventory:

Hand Weapons
 a - a +0 war axe (weapon)
Armour
 b - a +0 scale mail (worn)
 c - a +0 shield (worn)
Scrolls
 d - 6 scrolls of remove curse {unknown}
 e - a scroll of enchant armour {unknown}
 f - 2 scrolls of identify {unknown}
 g - a scroll of fog {unknown}
 h - a scroll of blinking {unknown}
 i - 2 scrolls of teleportation {unknown}
 j - a scroll of immolation {unknown}
 k - a scroll of enchant weapon {unknown}


   Skills:
 + Level 3.3 Fighting
 + Level 3.0 Axes
 + Level 2.8 Armour
 + Level 0.5 Dodging
 + Level 3.0 Shields


You had 3 spell levels left.
You didn't know any spells.

Dungeon Overview and Level Annotations

Branches:
Dungeon (4/15)
 Temple: D:4-7

Altars:
Kikubaaqudgha

Shops:
D:4 [

Annotations:
D:4 Grinder


Innate Abilities, Weirdness & Mutations

You do not eat or drink.
Your flesh is vulnerable to fire.
You are immune to poison.
Your flesh is cold resistant. (rC+)
You are immune to negative energy. (rN+++)
You are immune to unholy pain and torment.
You can survive without breathing.


Message History

Grinder barely misses you.
You slash Grinder!
Grinder is heavily wounded.
Grinder hits you. Grinder gestures at you.
You suddenly lose the ability to move!
Grinder hits you.
* * * LOW HITPOINT WARNING * * *
Grinder hits you but does no damage. x3
Grinder hits you.
* * * LOW HITPOINT WARNING * * *
Grinder hits you but does no damage.
You can move again.
You slash Grinder!
Grinder is almost dead.
Grinder hits you but does no damage.
You closely miss Grinder.
Grinder is almost dead.
Grinder hits you.
You die...

#.######.#
#......#.
#..###.#.
#..# #.#.
#..# #.#.
#..# #.#.
#..# #.#.
#..#
#.#5###
#..#
#.#.@.#
#.###.#
#.....#
#######


You could see Grinder.

Vanquished Creatures
  A worker ant (D:3)
  An adder (D:3)
  2 worms (D:2)
  2 dart slugs
  2 leopard geckos (D:2)
  5 orcs (D:3)
  4 giant cockroaches
  15 goblins
  8 hobgoblins
  6 jackals
  6 kobolds
  3 ball pythons (D:2)
  4 bats
  5 frilled lizards
  5 rats
69 creatures vanquished.

Notes
Turn   | Place    | Note
-------+----------+-------------------------------------------
     0 | D:1      | hittembot the Mummy Fighter began the quest for the Orb.
     0 | D:1      | Reached XP level 1. HP: 18/18 MP: 1/1
   144 | D:1      | Reached XP level 2. HP: 24/24 MP: 2/2
  1112 | D:2      | Reached XP level 3. HP: 29/29 MP: 3/3
  2345 | D:2      | Reached XP level 4. HP: 35/35 MP: 4/4
  2765 | D:3      | Found an ancient bone altar of Kikubaaqudgha.
  3439 | D:4      | Found Zeakk's Antique Armour Emporium.
  3487 | D:4      | Noticed Grinder
  3487 | D:4      | Paralysed by Grinder for 4 turns
  3497 | D:4      | Paralysed by Grinder for 7 turns
  3502 | D:4      | HP: 1/35 [Grinder (6)]
  3505 | D:4      | Slain by Grinder

Vault maps used:
D:1:      matt_arrival_refuge, serial_bayou_pond_a
D:2:      kennysheep_the_goblin_king
D:3:      lemuel_round_altar
D:4:      cheibrodos_quashed, zin_statuary, portal_sewer_entry_f, serial_shops,
          shop, shop, nicolae_shop_temple_entry_statues_fountains, shop,
          kennysheep_mini_moat, fedhas_altar_1, uniq_grinder

Skill      XL: |  1  2  3  4 |
---------------+-------------+-----
Axes           | 2 3 |  3.0
Shields        | 3 |  3.0
Fighting       | |  3.3
Armour         | |  2.8
Dodging        | |  0.5

Action                   |  1- 3 |  4- 6 || total
-------------------------+-------+-------++-------
Melee: War axe           |   121 |    60 ||   181
Armor: Scale mail        |    56 |    31 ||    87
Dodge: Dodged            |    44 |    28 ||    72
Block: Shield            |    68 |    17 ||    85
